 Dungeon Crawl Stone Soup version 0.26-a0-611-g354ed81502 (webtiles) character file.

Game seed: 8999780873343965445

382839 Execuda the Executioner (level 21, -6/199 HPs)
             Began as a Minotaur Berserker on Sept 5, 2020.
             Was the Champion of Trog.
             Mangled by a vampire knight
             ... wielding a +0 great mace
              (15 damage)
             ... on level 1 of the Depths.
             The game lasted 00:32:11 (41924 turns).

Execuda the Executioner (Minotaur Berserker)       Turns: 41924, Time: 00:32:11

Health: -6/199     AC: 28    Str: 32    XL:     21   Next: 93%
Magic:  20/20      EV: 17    Int:  9    God:    Trog [******]
Gold:   7005       SH: 23    Dex: 12    Spells: 20/20 levels left

rFire    + + .     SeeInvis .   O - +7 broad axe (vamp)
rCold    + + .     Faith    .   w - +0 tower shield
rNeg     . . .     Spirit   .   B - +3 plate armour {rF+}
rPois    +         Reflect  .   P - +0 hat {Int+3}
rElec    +         Harm     .   N - +0 cloak
rCorr    +         Clarity  +   I - +0 pair of gloves of Restlessness {Regen+ Slay+6}
MR       ++...                  k - +0 pair of boots (curse)
Stlth    ..........             p - amulet of the acrobat
HPRegen  0.83/turn              L - ring of Okawaru's Esteem {rPois rC+ MR+ Str+2}
MPRegen  0.17/turn              E - ring of Ehuteleor {rElec rC+ rCorr}

@: about to teleport, berserk cooldown, slowed, lightly drained, very slow
A: retaliatory headbutt, horns 2, repulsion field 1, yellow scales 1, blink,
clarity, clever 1, fire resistance 1, evolution 2
}: 2/15 runes: barnacled, gossamer
a: Blink, Berserk, Trog's Hand, Brothers in Arms, Renounce Religion


You were on level 1 of the Depths.
You worshipped Trog.
Trog was exalted by your worship.
You visited 8 branches of the dungeon, and saw 37 of its levels.
You visited the Abyss 1 time.
You also visited: Sewer.

You collected 7149 gold pieces.
You spent 144 gold pieces at shops.

Inventory:

Hand Weapons
 r - a +9 antimagic broad axe
 O - a +7 vampiric broad axe (weapon)
Missiles
 K - 4 throwing nets (quivered)
Armour
 k - a cursed +0 pair of boots (worn)
 w - a +0 tower shield (worn)
 B - a +3 plate armour of fire resistance (worn)
 I - the +0 pair of gloves of Restlessness (worn) {Regen+ Slay+6}
   (You took it off Nikola on level 4 of the Spider Nest)

   It affects your accuracy and damage with ranged weapons and melee attacks
   (+6).
   It increases your rate of regeneration.
 N - a +0 cloak (worn)
 P - a +0 hat of intelligence (worn)
Jewellery
 a - a +4 ring of protection
 p - an amulet of the acrobat (around neck)
 E - the ring of Ehuteleor (right hand) {rElec rC+ rCorr}
   (You found it on level 1 of the Spider Nest)

   [ring of resist corrosion]

   It protects you from cold.
   It insulates you from electricity.
   It provides partial protection from all sources of acid and corrosion.
 L - the ring of Okawaru's Esteem (left hand) {rPois rC+ MR+ Str+2}
   (You took it off a merfolk on level 4 of the Shoals)

   [ring of protection from cold]

   It affects your strength (+2).
   It protects you from cold.
   It protects you from poison.
   It affects your resistance to hostile enchantments.
Wands
 s - a wand of iceblast (12)
 x - a wand of acid (23)
 y - a wand of digging (4)
 G - a wand of flame (43)
 Q - a wand of enslavement (8)
Scrolls
 b - a scroll of enchant weapon
 c - 18 scrolls of remove curse
 d - 6 scrolls of enchant armour
 i - 13 scrolls of teleportation
 j - 5 scrolls of blinking
 l - 13 scrolls of immolation
 n - 5 scrolls of identify
 o - 9 scrolls of fog
 u - a scroll of summoning
 v - 9 scrolls of fear
 F - 4 scrolls of magic mapping
 H - 2 scrolls of holy word
 J - 3 scrolls of silence
Potions
 e - 10 potions of stabbing
 f - 8 potions of lignification
 g - 5 potions of might
 h - 16 potions of heal wounds
 m - 6 potions of cancellation
 q - 17 potions of curing
 t - 13 potions of flight
 z - 5 potions of haste
 A - 3 potions of magic
 C - a potion of resistance
 M - 6 potions of ambrosia


   Skills:
 + Level 19.4(18.6) Fighting
 * Level 25.6(24.7) Axes
 + Level 19.2(18.4) Armour
 + Level 18.0(17.2) Dodging
 + Level 17.3(16.6) Shields


You had 20 spell levels left.
You didn't know any spells.
Your spell library was empty.

Dungeon Overview and Level Annotations

Branches:
Dungeon (15/15)            Temple (1/1) D:5            Lair (6/6) D:10
 Shoals (4/4) Lair:2       Spider (4/4) Lair:4        Slime (0/5) Lair:5
    Orc (2/2) D:12            Elf (0/3) Orc:2        Vaults (4/5) D:13
  Crypt (0/3) Vaults:2     Depths (1/5) D:15          Sewer (visited)

Altars:
Ashenzari
Cheibriados
Dithmenos
Elyvilon
Gozag
Hepliaklqana
Kikubaaqudgha
Nemelex Xobeh
Okawaru
Ru
Sif Muna
Zin
The Shining One
Beogh

Shops:
D:5 *   D:11 *   Orc:2 ((}(   Vaults:1 [*   Vaults:2 [

Portals:
Pandemonium: Depths:1

Annotations:
Lair:6 exclusion: oklob plant
Depths:1 3 runed translucent doors, PirateVox's ghost, adept HOVM


Innate Abilities, Weirdness & Mutations

You reflexively headbutt those who attack you in melee.
You have a pair of horns on your head.
You are surrounded by a mild repulsion field. (EV +2)
You are partially covered in yellow scales. (AC +2)
You can translocate small distances at will.
You possess an exceptional clarity of mind.
Your mind is acute. (Int +2)
Your flesh is heat resistant. (rF+)
You rapidly evolve.


Message History

The ice dragon zombie closely misses your troll.
The ice dragon zombie tramples your troll.
The soul eater completely misses you. You furiously retaliate!
You headbutt the soul eater!
The skeletal warrior barely misses your troll.
The soul eater draws from the surrounding life force!
* * * LOW HITPOINT WARNING * * *
Your troll is drained of life.
The soul eater is healed.
Something hits you.
* * * LOW HITPOINT WARNING * * *
The deep elf death mage points at you and mumbles some strange words.
The bolt of negative energy hits the large abomination.
The large abomination completely resists.
The bolt of negative energy hits the soul eater.
The soul eater completely resists.
The bolt of negative energy hits the crawling corpse.
The crawling corpse completely resists.
The bolt of negative energy hits you.
You feel drained.
* * * LOW HITPOINT WARNING * * *
Something hits you!
You die...

.. #.÷ ...... ..D
#.. ... ......
.[.. .. ..$.
.....
....##.######....
....
#.>...ze.........
...
#.....z)X..#.....
... #'#
#.....pp3........
....##.#
......Zz{x.......
.......)
...#...T3@..#.##
........ .
#≈♣....♣≈#
........
#≈......≈#
########
#≈......≈# .....
#≈......≈#
.......
#≈♣....♣≈#
#.......
#≈...[..≈#
+.......
#≈......≈#
#.......
#≈......≈#
...+.......


You could see a death knight (soul bound), a deep elf death mage (soul bound), 3
skeletal warriors, 2 soul eaters, a large abomination, a necromancer, an ice
dragon zombie, a crawling corpse and a friendly troll (summoned, berserk).

Vanquished Creatures
  An ancient lich (Depths:1)
  Mennas (Vaults:2)
  Bai Suzhen (Shoals:4)
  Saint Roka (Vaults:3)
  Nikola (Spider:4)
  A bone dragon (Vaults:2)
  The ghost of Boyheo Imer the Fencer, an adept MiSk of Cheibriados (Vaults:2)
  Jorgrun (Shoals:1)
  Rupert (D:12)
  A tentacled monstrosity (Vaults:4)
  2 liches
  A titan (Vaults:4)
  Polyphemus (Shoals:3)
  Asterion (Vaults:3)
  A sphinx (Depths:1)
  2 shadow dragons
  A tentacled starspawn (Abyss:2)
  Kirke (Lair:4)
  2 krakens (Shoals:3)
  A storm dragon (Vaults:4)
  Gastronok (D:12)
  Roxanne (Shoals:1)
  2 azure jellies (Vaults:2)
  Donald (Vaults:3)
  Ilsuiw (Shoals:3)
  9 ghost moths
  An iron dragon (Vaults:2)
  13 vault wardens
  3 fire giants
  A frost giant (Vaults:1)
  Louise (Shoals:3)
  A curse skull (Vaults:2)
  4 emperor scorpions
  A spriggan defender (Depths:1)
  An orc warlord (Vaults:4)
  A very ugly thing (Vaults:1)
  8 ironheart preservers
  6 entropy weavers
  A vampire knight (Depths:1)
  9 stone giants
  A juggernaut skeleton (Vaults:2)
  2 deep elf demonologists
  A deep elf annihilator (Vaults:2)
  A merfolk javelineer (Shoals:1)
  4 ettins
  A deep elf death mage (Vaults:2)
  10 merfolk impalers
  A fire dragon (Lair:6)
  Josephine (Lair:6)
  A blizzard demon (Depths:1)
  2 ice dragons
  6 yaktaur captains
  3 hydras
  15 vault guards
  3 great orbs of eyes (Vaults:4)
  2 catoblepae
  A juggernaut simulacrum (Vaults:2)
  A rakshasa (Vaults:3)
  15 ogre magi
  3 ghost crabs (Vaults:2)
  A two-headed ogre (shapeshifter) (Vaults:4)
  A monstrous demonspawn (Depths:1)
  An alligator snapping turtle (Shoals:4)
  A merfolk aquamancer (Shoals:2)
  A death knight (Vaults:2)
  A queen ant (Spider:4)
  A satyr (Shoals:3)
  10 centaur warriors
  3 merfolk avatars (Shoals:4)
  7 tengu warriors
  3 hell hogs (Abyss:2)
  38 two-headed ogres
  2 deep troll earth magi
  6 death yaks
  4 deep troll shamans
  2 sun demons (Depths:1)
  An orc high priest (Orc:1)
  A titan skeleton (Vaults:2)
  2 deep elf knights
  A soul eater (Vaults:2)
  3 wretched stars (Abyss:2)
  12 skeletal warriors
  2 iron trolls (Depths:1)
  4 flayed ghosts
  A swamp dragon (Lair:6)
  An unseen horror (shapeshifter) (Vaults:1)
  7 sea snakes
  5 unseen horrors
  2 glowing orange brains (Vaults:4)
  10 deep trolls
  An obsidian statue (D:11)
  2 phantasmal warriors
  18 ironbrand convokers
  2 necromancers
  12 orc knights
  Pikel (D:5)
  3 deep elf archers
  5 large abominations (Abyss:2)
  4 wizards
  6 orb spiders
  27 harpies
  A stone giant zombie (D:15)
  15 cyclopes
  A frost giant zombie (D:15)
  An orb spider (shapeshifter) (Vaults:3)
  2 orc sorcerers
  31 wolf spiders
  33 ugly things
  8 fauns
  11 deep elf magi
  2 moths of wrath
  3 oklob plants
  8 manticores
  2 ice statues (Vaults:2)
  19 elephants
  A rust devil (Depths:1)
  A fire giant skeleton (Vaults:4)
  A naga mage (Vaults:2)
  2 water nymphs
  7 merfolk sirens
  18 vault sentinels
  5 black mambas
  9 cane toads
  A human skeleton (Vaults:4)
  4 torpor snails
  2 gargoyles
  A kobold demonologist (D:14)
  A storm dragon simulacrum (Vaults:2)
  A human zombie (Vaults:4)
  32 yaktaurs
  12 rime drakes
  9 komodo dragons
  2 ancient zymes (Abyss:2)
  15 demonic crawlers
  A komodo dragon (shapeshifter) (Depths:1)
  9 freezing wraiths
  3 meliai (D:14)
  A queen bee (Lair:1)
  3 tengu conjurers
  A queen bee (shapeshifter) (Vaults:3)
  9 polar bears
  7 trolls
  13 hornets
  37 merfolk
  A hornet (shapeshifter) (Vaults:3)
  An iron dragon simulacrum (Vaults:2)
  33 jumping spiders
  4 dream sheep (Shoals:3)
  4 wind drakes
  13 slime creatures
  A blink frog (shapeshifter) (D:15)
  8 raiju
  5 blink frogs
  8 hippogriffs
  A frost giant simulacrum (Vaults:2)
  11 snapping turtles
  A meliai zombie (D:15)
  A stone giant simulacrum (Abyss:2)
  An elf skeleton (Vaults:2)
  17 tarantellas
  7 water elementals
  2 shadows (D:15)
  8 wyverns
  A deep troll skeleton (D:15)
  A spriggan skeleton (D:15)
  71 redbacks
  9 wraiths
  7 spriggans (Lair:2)
  A wyvern (shapeshifter) (Abyss:2)
  2 humans (D:13)
  7 hogs (Lair:4)
  37 yaks
  4 basilisks
  A steam dragon (Lair:6)
  8 vampire mosquitoes
  7 wargs
  A neqoxec (Abyss:2)
  7 acid dragons
  A soldier ant (shapeshifter) (Vaults:4)
  14 water moccasins
  15 soldier ants (Spider:4)
  13 hell hounds (Lair:6)
  8 porcupines
  A hydra simulacrum (Vaults:2)
  A floating eye (shapeshifter) (Vaults:4)
  3 swamp drakes
  A hornet zombie (D:13)
  15 ice beasts
  30 orc warriors
  38 ogres
  5 phantoms
  3 sky beasts
  13 black bears
  24 wolves
  2 black mamba simulacra (Vaults:2)
  An eye of draining (shapeshifter) (D:15)
  An eye of draining (D:11)
  2 fire dragon simulacra (Vaults:2)
  5 necrophages (D:8)
  4 small abominations
  4 boggarts (Vaults:1)
  21 centaurs
  4 lemures (D:5)
  A crocodile (shapeshifter) (Vaults:2)
  15 crocodiles
  3 big kobolds
  A gnoll sergeant (D:6)
  A wyvern zombie (D:13)
  2 earth elementals (Vaults:2)
  18 bullfrogs
  An elephant simulacrum (Vaults:2)
  6 scorpions
  14 wights
  36 killer bees
  2 howler monkeys
  An electric eel (Lair:2)
  4 crimson imps (Depths:1)
  A quasit (Depths:1)
  3 bullfrog skeletons
  5 centaur skeletons
  20 orc wizards
  A bullfrog zombie (D:11)
  9 hounds
  15 jellies
  23 orc priests
  An iron imp (Depths:1)
  2 iguanas
  Natasha (thrice) (D:3)
  A troll simulacrum (Vaults:2)
  31 worker ants
  A hound skeleton (D:8)
  A worker ant zombie (D:11)
  10 gnolls
  13 adders
  A naga simulacrum (Vaults:2)
  2 river rats
  3 shadow imps
  2 white imps
  3 ufetubi
  3 oozes
  2 dart slugs
  3 worms
  6 leopard geckos
  91 orcs
  7 bats
  13 giant cockroaches
  12 goblins
  6 hobgoblins
  12 jackals
  5 quokkas
  8 ball pythons
  A ball python skeleton (D:3)
  6 frilled lizards
  A jackal zombie (D:5)
  29 kobolds
  A quokka skeleton (D:9)
  30 rats
  A crawling corpse (Vaults:2)
  2 macabre masses (Vaults:2)
  2 plants
  5 tentacles (Shoals:3)
1745 creatures vanquished.

Vanquished Creatures (collateral kills)
  The ghost of Sajuapom the Severer, an adept MiFi of Gozag (Spider:1)
  An emperor scorpion (Spider:4)
  2 merfolk impalers (Shoals:4)
  2 merfolk javelineers (Shoals:4)
  An ice dragon (Depths:1)
  A merfolk avatar (Shoals:4)
  2 satyrs (Shoals:3)
  A merfolk aquamancer (Shoals:3)
  2 two-headed ogres (Orc:2)
  2 sea snakes
  A kraken simulacrum (Shoals:4)
  3 harpies (Shoals:1)
  12 orb spiders
  A wolf spider (Spider:4)
  A manticore (Shoals:4)
  4 fauns (Shoals:3)
  A cyclops (Shoals:3)
  2 merfolk sirens (Shoals:1)
  3 demonic crawlers
  3 jumping spiders
  2 merfolk
  3 polar bears (Lair:6)
  A hornet (Spider:4)
  5 raiju
  4 snapping turtles
  A hippogriff (Shoals:1)
  A flying skull (Abyss:2)
  2 redbacks
  2 water elementals (Shoals:3)
  A warg (Lair:6)
  6 soldier ants (Spider:4)
  A hell hound (Lair:6)
  4 ogres (Orc:2)
  A centaur (Shoals:3)
  A tentacle (Shoals:4)
81 creatures vanquished.

Vanquished Creatures (others)
  A cyclops (Vaults:2)
  2 jumping spiders
  A redback (Spider:4)
  An orc warrior (Vaults:2)
  2 ogres
  32 fungi
  107 plants
  2 starspawn tentacles (Abyss:2)
  7 tentacles
  6 withered plants (D:15)
161 creatures vanquished.

Grand Total: 1987 creatures vanquished

Notes
Turn   | Place    | Note
-------+----------+-------------------------------------------
     0 | D:1      | Execuda the Minotaur Berserker began the quest for the Orb.
     0 | D:1      | Reached XP level 1. HP: 19/19 MP: 0/0
   140 | D:1      | Reached XP level 2. HP: 24/27 MP: 1/1
   355 | D:1      | Reached skill level 4 in Axes
  1157 | D:2      | Reached XP level 3. HP: 24/33 MP: 2/2
  1519 | D:2      | Reached XP level 4. HP: 32/40 MP: 3/3
  1697 | D:2      | Reached ** piety under Trog
  2447 | D:3      | Noticed Natasha
  2453 | D:3      | Killed Natasha
  2453 | D:3      | Reached skill level 5 in Axes
  2514 | D:3      | Noticed Natasha
  2530 | D:3      | Killed Natasha
  2530 | D:3      | Reached XP level 5. HP: 38/47 MP: 4/4
  3264 | D:3      | Noticed Natasha
  3271 | D:3      | Killed Natasha
  3831 | D:4      | Reached XP level 6. HP: 49/55 MP: 5/5
  3899 | D:4      | Reached skill level 6 in Axes
  3937 | D:4      | Reached *** piety under Trog
  3937 | D:4      | Reached skill level 5 in Fighting
  5048 | D:5      | Entered Level 5 of the Dungeon
  5048 | D:5      | Found a shadowy altar of Dithmenos.
  5048 | D:5      | Noticed Pikel
  5076 | D:5      | Killed Pikel
  5076 | D:5      | Reached skill level 7 in Axes
  5076 | D:5      | Reached skill level 5 in Armour
  5076 | D:5      | Reached XP level 7. HP: 15/62 MP: 6/6
  5302 | D:5      | Found Cauch's General Store.
  5315 | D:5      | Bought a potion of heal wounds for 60 gold pieces
  5315 | D:5      | Bought 2 scrolls of identify for 48 gold pieces
  5315 | D:5      | Bought a potion of flight for 36 gold pieces
  5319 | D:5      | Gained mutation: You evolve. [potion of mutation]
  5319 | D:5      | Gained mutation: You are partially covered in yellow
                  | scales. (AC +2) [potion of mutation]
  5428 | D:5      | Found a staircase to the Ecumenical Temple.
  5521 | D:5      | Found a glowing drain.
  5548 | D:5      | Reached XP level 8. HP: 53/70 MP: 7/7
  5557 | Sewer    | Entered a sewer
  5730 | Sewer    | Reached **** piety under Trog
  5751 | Sewer    | Reached skill level 8 in Axes
  5768 | Sewer    | Reached skill level 5 in Dodging
  6233 | D:5      | Got a pair of slimy gloves
  6239 | D:5      | Identified the +1 pair of gloves of Twilight {Int+7 Dex+3}
                  | (You found it on level 5 of the Dungeon)
  6759 | Temple   | Entered the Ecumenical Temple
  6984 | D:6      | Reached skill level 9 in Axes
  7440 | D:6      | Reached XP level 9. HP: 71/79 MP: 8/8
  7761 | D:6      | Gained mutation: Your mind is acute. (Int +2) [evolution]
  7863 | D:6      | Reached ***** piety under Trog
  7990 | D:6      | Found an opulent altar of Gozag.
  8152 | D:7      | Reached skill level 10 in Axes
  8161 | D:7      | Found a glowing golden altar of the Shining One.
  9085 | D:8      | Reached skill level 11 in Axes
  9188 | D:8      | Reached XP level 10. HP: 76/89 MP: 9/9
  9492 | D:8      | Found a hazy altar of Hepliaklqana.
  9692 | D:8      | Found a shattered altar of Ashenzari.
  9694 | D:8      | Found a sacrificial altar of Ru.
  9696 | D:8      | Found an ancient bone altar of Kikubaaqudgha.
  9697 | D:8      | Found an iron altar of Okawaru.
 10323 | D:9      | Received a gift from Trog
 10404 | D:9      | Noticed a two-headed ogre
 10410 | D:9      | Killed a two-headed ogre
 10410 | D:9      | Reached skill level 12 in Axes
 10515 | D:9      | Found a glowing silver altar of Zin.
 10692 | D:9      | Found a white marble altar of Elyvilon.
 10860 | D:9      | Gained mutation: You can translocate small distances at
                  | will. [evolution]
 10971 | D:10     | Entered Level 10 of the Dungeon
 11419 | D:10     | Paralysed by a hornet for 2 turns
 11651 | D:10     | Reached XP level 11. HP: 97/97 MP: 10/10
 11701 | D:10     | Found a staircase to the Lair.
 11865 | D:10     | Reached skill level 13 in Axes
 12230 | D:11     | Noticed a green ugly thing
 12240 | D:11     | Killed a green ugly thing
 12240 | D:11     | Reached skill level 10 in Fighting
 12279 | D:11     | Found Popilorgh's Elemental Accessories.
 12387 | D:11     | Received a gift from Trog
 12582 | Lair:1   | Entered Level 1 of the Lair of Beasts
 12853 | Lair:1   | Reached skill level 10 in Armour
 13227 | Lair:1   | Reached skill level 14 in Axes
 13260 | Lair:1   | Noticed an oklob plant
 13932 | Lair:1   | Killed an oklob plant
 14399 | Lair:2   | Received a gift from Trog
 14428 | Lair:2   | Reached XP level 12. HP: 108/108 MP: 11/11
 14539 | Lair:2   | Reached skill level 10 in Dodging
 14735 | Lair:2   | Noticed a six-headed hydra
 14740 | Lair:2   | Killed a four-headed hydra
 14867 | Lair:2   | Found a staircase to the Shoals.
 15050 | Lair:2   | Got a bloodstained scale mail
 15061 | Lair:2   | Identified the +4 scale mail "Xevvixt" {rPois Int+7} (You
                  | found it on level 2 of the Lair of Beasts)
 15085 | Lair:2   | Reached skill level 15 in Axes
 15405 | Lair:3   | Reached skill level 5 in Shields
 16152 | Lair:4   | Noticed a death yak
 16153 | Lair:4   | Noticed a death yak
 16153 | Lair:4   | Noticed a death yak
 16162 | Lair:4   | Killed a death yak
 16163 | Lair:4   | Killed a death yak
 16167 | Lair:4   | Killed a death yak
 16231 | Lair:4   | Found a hole to the Spider Nest.
 16321 | Lair:4   | Reached XP level 13. HP: 117/117 MP: 12/12
 16511 | Lair:4   | Got a pair of warped gloves
 16522 | Lair:4   | Identified the +1 pair of gloves of Oblivion {Regen+ Str+2}
                  | (You found it on level 4 of the Lair of Beasts)
 16533 | Lair:4   | Reached skill level 16 in Axes
 16569 | Lair:4   | Noticed Kirke
 16584 | Lair:4   | Received a gift from Trog
 16592 | Lair:4   | Noticed a sphinx
 16592 | Lair:4   | Killed Kirke
 17390 | Lair:5   | Found a staircase to the Slime Pits.
 17967 | Lair:6   | Entered Level 6 of the Lair of Beasts
 18376 | Lair:6   | Noticed a fire dragon
 18391 | Lair:6   | Killed a fire dragon
 18391 | Lair:6   | Reached skill level 17 in Axes
 18600 | Lair:6   | Received a gift from Trog
 18729 | Lair:6   | Noticed Josephine
 18735 | Lair:6   | Reached XP level 14. HP: 119/127 MP: 13/13
 18752 | Lair:6   | Killed Josephine
 18921 | Lair:6   | Received a gift from Trog
 19190 | Lair:6   | Gained mutation: You rapidly evolve. [evolution]
 20100 | D:11     | Found a runed translucent door.
 20101 | D:11     | Noticed a stone giant
 20477 | D:11     | Killed a stone giant
 20479 | D:11     | Reached ****** piety under Trog
 20589 | D:12     | Noticed Rupert
 20608 | D:12     | Killed Rupert
 20608 | D:12     | Reached skill level 18 in Axes
 20727 | D:12     | Noticed Gastronok
 20733 | D:12     | Killed Gastronok
 20761 | D:12     | Found a shimmering blue altar of Sif Muna.
 21100 | D:12     | Received a gift from Trog
 21123 | D:12     | Found a staircase to the Orcish Mines.
 21313 | Orc:1    | Entered Level 1 of the Orcish Mines
 21323 | Orc:1    | Found a roughly hewn altar of Beogh.
 21458 | Orc:2    | Entered Level 2 of the Orcish Mines
 21669 | Orc:2    | Found a staircase to the Elven Halls.
 21889 | Orc:2    | Found Eprofum's Weapon Emporium.
 21889 | Orc:2    | Found Astyroad's Gadget Shop.
 21890 | Orc:2    | Found Coeskesu's Antique Weapon Shop.
 21890 | Orc:2    | Found Urhiasm's Weapon Shoppe.
 21910 | Orc:2    | Reached XP level 15. HP: 86/137 MP: 14/14
 21912 | Orc:2    | Reached skill level 10 in Shields
 22107 | Orc:1    | Received a gift from Trog
 22890 | D:13     | Reached skill level 19 in Axes
 22950 | D:13     | Found a gate to the Vaults.
 23646 | D:14     | Gained mutation: Your flesh is heat resistant. (rF+)
                  | [evolution]
 24162 | D:15     | Entered Level 15 of the Dungeon
 24219 | D:15     | Received a gift from Trog
 24255 | D:15     | Cast into level 2 of the Abyss (a wizard)
 24395 | Abyss:2  | Noticed an ancient lich
 25119 | Abyss:2  | Noticed a tentacled starspawn
 25126 | Abyss:2  | Killed a tentacled starspawn
 25163 | Abyss:2  | Found a corrupted altar of Lugonu.
 25362 | Abyss:2  | Reached XP level 16. HP: 103/147 MP: 5/15
 25364 | D:15     | Escaped the Abyss
 25759 | D:15     | Found a snail-covered altar of Cheibriados.
 25929 | D:15     | Found a staircase to the Depths.
 25995 | D:15     | Received a gift from Trog
 26089 | D:15     | Reached skill level 15 in Fighting
 26262 | Depths:1 | Entered Level 1 of the Depths
 26481 | Spider:1 | Entered Level 1 of the Spider Nest
 26490 | Spider:1 | Reached skill level 20 in Axes
 26634 | Spider:1 | Found a transporter.
 26653 | Spider:1 | Noticed Sajuapom's ghost (adept MiFi)
 26885 | Spider:1 | Reached skill level 15 in Armour
 27136 | Spider:1 | Received a gift from Trog
 27312 | Spider:1 | Found a transporter.
 27360 | Spider:1 | Killed Sajuapom's ghost
 27372 | Spider:1 | Got a twitching platinum ring
 27395 | Spider:1 | Identified the ring of Ehuteleor {rElec rC+ rCorr} (You
                  | found it on level 1 of the Spider Nest)
 28045 | Spider:3 | Gained mutation: You are surrounded by a mild repulsion
                  | field. (EV +2) [evolution]
 28290 | Spider:3 | Reached XP level 17. HP: 150/156 MP: 16/16
 28801 | Spider:3 | Identified a scroll of acquirement
 28818 | Spider:3 | Acquired 2820 gold pieces
 29102 | Spider:4 | Entered Level 4 of the Spider Nest
 29286 | Spider:4 | Received a gift from Trog
 29407 | Spider:4 | Reached skill level 21 in Axes
 30199 | Spider:4 | Identified the +0 pair of gloves of Restlessness {Regen+
                  | Slay+6}
 30199 | Spider:4 | Noticed Nikola
 30241 | Spider:4 | Killed Nikola
 30746 | Spider:4 | Got a gossamer rune of Zot
 31011 | Shoals:1 | Entered Level 1 of the Shoals
 31079 | Shoals:1 | Lost mutation: Your mind is acute. (Int +2) [evolution]
 31105 | Shoals:1 | Reached skill level 15 in Dodging
 31229 | Shoals:1 | Received a gift from Trog
 31585 | Shoals:1 | Reached XP level 18. HP: 139/168 MP: 5/17
 31602 | Shoals:1 | Identified Roxanne's Incunabulum of Transmutation
 31602 | Shoals:1 | Noticed Roxanne
 31611 | Shoals:1 | Killed Roxanne
 31706 | Shoals:1 | Noticed Jorgrun
 31715 | Shoals:1 | Killed Jorgrun
 32627 | Shoals:3 | Reached skill level 22 in Axes
 32631 | Shoals:3 | Noticed Louise
 32633 | Shoals:3 | Noticed Polyphemus
 32637 | Shoals:3 | Noticed Ilsuiw
 32646 | Shoals:3 | Killed Polyphemus
 32646 | Shoals:3 | Killed Ilsuiw
 32646 | Shoals:3 | Killed Louise
 32833 | Shoals:3 | Received a gift from Trog
 33453 | Shoals:3 | Gained mutation: You are dopey. (Int -2) [evolution]
 33457 | Shoals:4 | Entered Level 4 of the Shoals
 33990 | Shoals:4 | Got a barnacled rune of Zot
 34064 | Shoals:4 | Identified the ring of Okawaru's Esteem {rPois rC+ MR+
                  | Str+2}
 34075 | Shoals:4 | Noticed Bai Suzhen
 34099 | Shoals:4 | Killed Bai Suzhen
 35162 | Vaults:1 | Entered Level 1 of the Vaults
 35191 | Vaults:1 | Noticed a Hell Sentinel
 35191 | Vaults:1 | Lost mutation: You are dopey. (Int -2) [evolution]
 35202 | Vaults:1 | Noticed a Hell Sentinel
 35312 | Vaults:1 | Reached XP level 19. HP: 177/177 MP: 18/18
 35499 | Vaults:1 | Reached skill level 23 in Axes
 35562 | Vaults:1 | Found Atagoi Utadi's Armour Emporium.
 35565 | Vaults:1 | Found Rybiurez's General Store.
 35631 | Vaults:1 | Reached skill level 15 in Shields
 35761 | Vaults:1 | Received a gift from Trog
 36670 | Vaults:2 | Found Baxunig's Antique Armour Shop.
 36946 | Vaults:2 | Noticed a bone dragon
 36969 | Vaults:2 | Killed a bone dragon
 37041 | Vaults:2 | Identified Hitiu's Reference Book on Black Rites
 37169 | Vaults:2 | Gained mutation: You possess an exceptional clarity of
                  | mind. [evolution]
 37338 | Vaults:2 | Noticed Mennas
 37369 | Vaults:2 | Killed Mennas
 37369 | Vaults:2 | Received a gift from Trog
 37429 | Vaults:2 | Found a staircase to the Crypt.
 37528 | Vaults:2 | Reached XP level 20. HP: 187/187 MP: 19/19
 37693 | Vaults:2 | Found a runed translucent door.
 37697 | Vaults:2 | Noticed Boyheo Imer's ghost (adept MiSk)
 37760 | Vaults:2 | Reached skill level 24 in Axes
 37840 | Vaults:2 | Received a gift from Trog
 38029 | Vaults:2 | Identified the Handbook of Snow
 38430 | Vaults:2 | Identified Rapenkit's Reference Book on the Rocks
 38662 | Vaults:2 | Killed Boyheo Imer's ghost
 38815 | Vaults:3 | Found a magical portal.
 39068 | Vaults:3 | Noticed Donald
 39082 | Vaults:3 | Killed Donald
 39114 | Vaults:3 | Noticed Asterion
 39126 | Vaults:3 | Killed Asterion
 39192 | Vaults:3 | Noticed Saint Roka
 39214 | Vaults:3 | Killed Saint Roka
 39528 | Vaults:3 | Received a gift from Trog
 40124 | Vaults:4 | Reached XP level 21. HP: 195/195 MP: 20/20
 40515 | Vaults:4 | Reached skill level 25 in Axes
 40536 | Vaults:4 | Received a gift from Trog
 41259 | Depths:1 | Gained mutation: Your mind is acute. (Int +2) [evolution]
 41276 | Depths:1 | Received a gift from Trog
 41461 | Depths:1 | Found a runed translucent gate.
 41461 | Depths:1 | Found a runed translucent gate.
 41461 | Depths:1 | Found a runed translucent gate.
 41462 | Depths:1 | Noticed PirateVox's ghost (adept HOVM)
 41518 | Depths:1 | Found a one-way gate leading to the halls of Pandemonium.
 41899 | Depths:1 | Noticed an ancient lich
 41913 | Depths:1 | Killed an ancient lich
 41924 | Depths:1 | HP: 9/199 [deep elf death mage/bolt of negative energy (4)]
 41924 | Depths:1 | Mangled by a vampire knight

Illustrated notes

Levels and vault maps discovered:
D:1:      giann_forest_graveyard, layout_basic
D:2:      layout_loops_corners, chequers_serial_rivers_small_3,
          minmay_misc_feat_rows
D:3:      layout_basic, nrook_loot_triangle, minmay_fractal_squares_gapless_5,
          uniq_natasha
D:4:      layout_layer_cave
D:5:      layout_basic, lemuel_temple_firewalk_a, serial_shops,
          nicolae_shop_crystal, portal_sewer_entry_a, basic_altar, uniq_pikel
D:6:      layout_loops_corners, lemuel_doored_altar
D:7:      layout_loops_ring, nicolae_overflow_crystal_walls, enter_bailey_3,
          minivault_10
D:8:      layout_rooms, grunt_temple_overflow_open, serial_undead,
          serial_undead_c, serial_undead_d, serial_undead_f, serial_undead_d
D:9:      layout_roguey, lemuel_crystal_altar, elyvilon_altar_5
D:10:     layout_irregular_city, erik_lair_dragon
D:11:     layout_roguey, nicolae_elemental_shop, minmay_misc_feat_tower,
          minivault_27, minivault_16, minivault_13
D:12:     layout_basic, hiddenorc1_lemuel, led_sif_book, uniq_rupert,
          uniq_gastronok
D:13:     layout_loops_corners, grunt_vaults_entry_fortified
D:14:     layout_loops_ring, minmay_staircase_windowed_small
D:15:     gammafunk_depths_entry_grave, layout_loops_ring, cheibriados_altar_1,
          drop_trap
Temple:   nicolae_temple_figure_eight
Lair:1:   layout_loops_ring, special_room [special_room_bee],
          minmay_lair_oklob_chamber, serial_bayou_shore_b,
          infiniplex_staircase_pool_2
Lair:2:   kb_forest_paths, layout_regular_city, minmay_shoals_entry_hut
Lair:3:   layout_loops_ring
Lair:4:   layout_roguey, nicolae_spider_entry_tight_spaces, serial_bayou_pond_e,
          minmay_lair_drake_nest, uniq_kirke
Lair:5:   layout_loops_ring, minmay_slime_entry_jelly_boxes, beast_lair_carwin_4
Lair:6:   hangedman_lair_caniforms_friends, layout_regular_city,
          guppyfry_lair_end_dragon, uniq_josephine
Shoals:1: layout_shoals, nicolae_shoals_this_corrosion, uniq_roxanne,
          uniq_jorgrun
Shoals:2: layout_shoals
Shoals:3: layout_shoals, uniq_ilsuiw, uniq_louise, uniq_polyphemus
Shoals:4: shoals_end_grunt_ice, layout_shoals, uniq_bai_suzhen
Spider:1: layout_spider_delve, gammafunk_ghost_berserking_beasts, worms_lemuel
Spider:2: layout_spider_delve, drop_trap
Spider:3: layout_spider_delve, spiders_nest_the_unseen
Spider:4: spider_rune_water, minivault_29, uniq_nikola
Orc:1:    layout_caves, basic_altar, portal_ice_cave_entry_ice_beasts
Orc:2:    st_orc_ogre_mass, layout_diamond_mine
Vaults:1: nicolae_vaults_little_squares_1, hangedman_vaults_corner,
          nicolae_vaults_asterisk, vaults_room_semicircle,
          nicolae_vaults_angled_halls, vaults_mumra_hex,
          dpeg_vaults_monster_box, nicolae_vaults_angled_halls,
          ontoclasm_vaults_fault, nicolae_vaults_network_quincunx
          [nicolae_vaults_network_quincunx_subvault,
          nicolae_vaults_network_quincunx_subvault,
          nicolae_vaults_network_quincunx_subvault,
          nicolae_vaults_network_quincunx_subvault,
          nicolae_vaults_network_quincunx_subvault], v_misc_9, v_misc_25,
          v_misc_29, v_alt_pattern_4, layout_vaults_maze_snakey, serial_shops,
          shop
Vaults:2: gammafunk_vaults_ghost_grave, nicolae_vaults_network_periphery,
          vaults_room_grunt_arrival_checkpoint,
          minmay_crypt_entry_simple_sparse, hangedman_vaults_trim,
          nicolae_vaults_specimen_jars, st_squares,
          nicolae_vaults_circle_grid_b, grunt_vaults_bifocal,
          vaults_standard_mumra_lines, v_pattern_5, ontoclasm_vaults_eye,
          grunt_vaults_hallway_short, nicolae_vaults_rhombus_6,
          layout_vaults_omnibox, serial_hangedman_research,
          hangedman_research_thanatology, hangedman_research_thermodynamics,
          hangedman_research_geology, serial_shops, shop, uniq_mennas
Vaults:3: hangedman_vaults_nails, nicolae_vaults_network_square,
          nicolae_vaults_an_arrangement, vaults_mumra_lcd,
          hangedman_vaults_maws, ontoclasm_vaults_chip, vaults_dpeg_doors,
          v_misc_30, nicolae_vaults_alarming, vaults_room_fancy_cross,
          nicolae_vaults_angled_halls, ontoclasm_vaults_ligature,
          ontoclasm_vaults_pinch, layout_vaults_big_room, mu_enter_wizlab_3,
          uniq_asterion, uniq_donald, uniq_saint_roka
Vaults:4: vaults_room_stairs_pillars, ontoclasm_vaults_misaligned,
          vaults_dpeg_encased_lava, st_octagons_2, v_alt_pattern_1,
          nicolae_vaults_bisected_slash, vaults_room_stairs_pillars,
          nicolae_vaults_mini_display_case, grunt_vaults_focal,
          nicolae_vaults_border_crossing, layout_vaults_omnicross
Depths:1: layout_basic, enter_ziggurat_c, gammafunk_ghost_tricky_traps,
          special_room [special_room_morgue], hell_entry,
          grunt_pan_entry_spiral, minmay_mirror_moons_of_madness,
          kennysheep_random_hallway

Skill      XL: |  1  2  3  4  5  6  7  8  9 10 11 12 13 14 15 16 17 18 19 20 21 |
---------------+----------------------------------------------------------------+-----
Axes           | 4 5 7 9 11 12 14 15 17 18 19 20 21 22 23 24 25 | 25.6
Fighting       | 4 5 7 8 9 10 11 12 13 14 15 16 17 18 19 | 19.4
Armour         | 3 4 5 6 7 9 10 11 12 13 14 15 16 17 18 19 | 19.2
Dodging        | 3 4 5 7 8 9 10 11 12 13 14 15 16 17 18 | 18.0
Shields        | 2 4 6 8 9 11 12 13 14 15 16 17 | 17.3

Action                   |  1- 3 |  4- 6 |  7- 9 | 10-12 | 13-15 | 16-18 | 19-21 || total
-------------------------+-------+-------+-------+-------+-------+-------+-------++-------
Melee: Hand axe          |    58 |   182 |   209 |       |       |       |       ||   449
       Headbutt          |     4 |    26 |    59 |   111 |   243 |   290 |   351 ||  1084
       War axe           |       |       |   141 |   272 |       |       |       ||   413
       Broad axe         |       |       |       |   272 |   990 |  1237 |  1165 ||  3664
       Unarmed           |       |       |       |       |     2 |       |       ||     2
Invok: Berserk           |     1 |     2 |     3 |     2 |     6 |    16 |     6 ||    36
       Trog's Hand       |       |       |       |       |     7 |    10 |       ||    17
       Brothers in Arms  |       |       |       |       |     5 |    20 |     2 ||    27
Evoke: Wand              |       |       |       |       |    11 |     5 |       ||    16
  Use: Scroll            |       |     4 |     4 |     5 |    16 |    21 |     3 ||    53
       Potion            |       |       |     1 |       |     1 |     4 |       ||     6
 Stab: Sleeping          |     1 |       |       |       |       |       |       ||     1
       Distracted        |       |       |       |       |     1 |     4 |       ||     5
       Petrified         |       |       |       |       |       |       |     4 ||     4
Armor: Animal skin       |    10 |     4 |       |       |       |       |       ||    14
       Chain mail        |       |    97 |   192 |   187 |       |       |       ||   476
       Scale mail        |       |       |       |    20 |   232 |   452 |   132 ||   836
       Plate armour      |       |       |       |       |       |       |   112 ||   112
Dodge: Dodged            |    41 |   100 |   147 |   280 |   254 |   891 |   403 ||  2116
Block: Buckler           |       |     1 |    57 |    82 |       |       |       ||   140
       Tower shield      |       |       |       |    89 |   811 |  1492 |   981 ||  3373

Table legend: (Time is in decaauts)
 A = Elapsed time spent in this place.
 B = Non-inter-level travel time spent in this place.
 C = Inter-level travel time spent in this place.
 D = Time resting spent in this place.
 E = Time spent auto-exploring this place.
 F = Levels seen in this place.
 G = Mean time per level.
                   A        B        C        D        E       F      G
               +--------+--------+--------+--------+--------+-----+--------+
         Total |  41927 |  38831 |   3096 |   5043 |  25699 |  39 | 1075.1 |
       Dungeon |  16899 |  15409 |   1490 |   1855 |  11242 |  15 | 1126.6 |
        Temple |     39 |     28 |     11 |      0 |     27 |   1 |   39.0 |
          Lair |   7457 |   6648 |    809 |    502 |   4900 |   6 | 1242.8 |
        Shoals |   4282 |   4070 |    212 |    803 |   2325 |   4 | 1070.5 |
   Spider Nest |   4383 |   4267 |    116 |    862 |   2200 |   4 | 1095.8 |
  Orcish Mines |   1088 |    986 |    102 |     15 |    751 |   2 |  544.0 |
        Vaults |   5449 |   5095 |    354 |    395 |   3218 |   4 | 1362.2 |
        Depths |    628 |    628 |      0 |      0 |    407 |   1 |  628.0 |
         Abyss |   1111 |   1111 |      0 |    609 |    185 |   1 | 1111.0 |
         Sewer |    586 |    586 |      0 |      0 |    443 |   1 |  586.0 |
               +--------+--------+--------+--------+--------+-----+--------+

Top non-repeatable levels by time:
Vaults:2: 2020 daAuts
  Lair:1: 1878 daAuts
    D:10: 1598 daAuts
  Lair:6: 1578 daAuts
Shoals:4: 1565 daAuts
Spider:3: 1540 daAuts
     D:4: 1525 daAuts
     D:2: 1367 daAuts
     D:3: 1353 daAuts
Spider:4: 1353 daAuts
     D:6: 1340 daAuts
Vaults:3: 1269 daAuts
  Lair:4: 1209 daAuts
     D:9: 1186 daAuts
Shoals:1: 1168 daAuts
